 Dungeon Crawl Stone Soup version 0.25.1-8-g42b30a86e7 (webtiles) character file.

Game seed: 10054732015432226599

129 Clowwww the Chopper (level 5, 31/46 HPs)
             Began as a Hill Orc Fighter on Dec 14, 2020.
             Quit the game on level 3 of the Dungeon.
             The game lasted 00:06:12 (2822 turns).

Clowwww the Chopper (Hill Orc Fighter)              Turns: 2822, Time: 00:06:13

Health: 31/46      AC:  8    Str: 17 (20) XL:     5   Next: 12%
Magic:  5/5        EV:  7    Int:  6 (8)  God:
Gold:   167        SH:  8    Dex:  8 (10) Spells: 4/4 levels left

rFire    . . .     SeeInvis .   a - +0 war axe
rCold    . . .     Gourm    .   c - +0 kite shield
rNeg     . . .     Faith    .   b - +0 scale mail
rPois    .         Spirit   .   (no helmet)
rElec    .         Reflect  .   t - +0 cloak
rCorr    .         Harm     .   (no gloves)
MR       .....                  (no boots)
Stlth    ..........             (no amulet)
HPRegen  0.15/turn              (no ring)
MPRegen  0.09/turn              (no ring)

@: flying, hasted, very quick
A: no striking features
a: no special abilities


You were on level 3 of the Dungeon.
You were not hungry.

You visited 1 branch of the dungeon, and saw 3 of its levels.

You collected 167 gold pieces.

Inventory:

Hand Weapons
 a - a +0 war axe (weapon)
Armour
 b - a +0 scale mail (worn)
 c - a +0 kite shield (worn)
 t - a +0 cloak (worn)
Wands
 p - a wand of enslavement (6)
 q - a wand of digging (6)
Scrolls
 g - 2 scrolls of fog {unknown}
 h - 2 scrolls of teleportation {unknown}
 k - 3 scrolls of identify {unknown}
 l - a scroll of fear {unknown}
 m - a scroll of noise {unknown}
 n - a scroll of enchant weapon {unknown}
 o - a scroll of magic mapping {unknown}
Potions
 d - 2 potions of might
 j - a potion of flight
Comestibles
 f - 9 rations
 r - 10 chunks of flesh


   Skills:
 + Level 4.0 Fighting
 + Level 4.6 Axes
 + Level 4.3 Armour
 + Level 0.6 Dodging
 + Level 3.9 Shields


You had 4 spell levels left.
You didn't know any spells.
Your spell library was empty.

Dungeon Overview and Level Annotations

Branches:
Dungeon (3/15)

Altars:


Message History

You feel very sick.
You feel very sick.
Things that are here:
a +0 short sword; 3 poisoned darts
There is a lethal amount of poison in your body!
There is a lethal amount of poison in your body!
There is a lethal amount of poison in your body!
There is a lethal amount of poison in your body!
Okay, then.
It was a potion of flight.
You feel very buoyant.
You fly up into the air.
You feel very sick.
It was a potion of haste.
You feel yourself speed up.
You feel sick.
It was a potion of degeneration.
There was something very wrong with that liquid.
You feel weakened.
You feel dopey.
You feel clumsy.
You feel sick.
It was a potion of curing.
You feel better.
Are you sure you want to abandon this character and quit the game? (Confirm with "yes".)

########
#......#
#..@...# #
#......#.#
#.(....#.###
#.(.........
#..(.....#
#...(....#####
#....(...#...
#...........#
.######...##..#


There were no monsters in sight!

Vanquished Creatures
  Ijyb (D:2)
  4 adders
  2 oozes
  5 dart slugs
  A leopard gecko (D:1)
  An orc (D:3)
  2 ball pythons (D:2)
  A giant cockroach (D:3)
  11 goblins
  4 hobgoblins
  A quokka (D:3)
  3 bats
  6 frilled lizards
  4 kobolds
  5 rats
51 creatures vanquished.

Notes
Turn   | Place    | Note
-------+----------+-------------------------------------------
     0 | D:1      | Clowwww the Hill Orc Fighter began the quest for the Orb.
     0 | D:1      | Reached XP level 1. HP: 19/19 MP: 1/1
   285 | D:1      | Reached XP level 2. HP: 8/27 MP: 2/2
   287 | D:1      | HP: 1/27 [dart slug/slug dart (6)]
  1115 | D:2      | Reached XP level 3. HP: 30/33 MP: 3/3
  2143 | D:2      | Noticed Ijyb
  2146 | D:2      | Reached XP level 4. HP: 37/40 MP: 4/4
  2164 | D:2      | Killed Ijyb
  2627 | D:3      | Reached XP level 5. HP: 33/46 MP: 5/5
  2822 | D:3      | Quit the game

Illustrated notes

Levels and vault maps discovered:
D:1:      ncdulo_halloftheorcs, layout_basic, serial_bayou, serial_bayou_pond_e,
          serial_bayou_pond_e, serial_bayou_pond_e, serial_bayou_pond_c
D:2:      kennysheep_the_goblin_king, layout_loops_corners, first_ration
D:3:      layout_basic, uniq_sigmund

Skill      XL: |  1  2  3  4 |
---------------+-------------+-----
Axes           | 3 4 |  4.6
Armour         | 4 |  4.3
Fighting       | 4 |  4.0
Dodging        | |  0.6
Shields        | |  3.9

Action                   |  1- 3 |  4- 6 || total
-------------------------+-------+-------++-------
Melee: War axe           |   142 |    54 ||   196
  Use: Potion            |       |     4 ||     4
  Eat: Chunk             |     4 |     2 ||     6
Armor: Scale mail        |    75 |    27 ||   102
Dodge: Dodged            |    34 |    22 ||    56
Block: Kite shield       |    78 |    35 ||   113
